 Dungeon Crawl Stone Soup version 0.31.0-11-ge490571c62 (webtiles) character file.

Game seed: 6999419550183555854

13466 Minsecho the Grappler (level 11, -4/88 HPs)
             Began as a Demigod Shapeshifter on Jan 28, 2024.
             Slain by a komodo dragon (10 damage)
             ... on level 1 of the Lair of Beasts.
             The game lasted 00:38:34 (14919 turns).

Minsecho the Grappler (Demigod Shapeshifter)       Turns: 14919, Time: 00:38:35

Health: -4/88      AC:  9    Str: 23    XL:     11   Next: 47%
Magic:  19/19      EV: 15    Int: 12    God:
Gold:   688        SH:  0    Dex: 17    Spells: 11/16 levels left

rFire   . .          .
                       - Unarmed
rCold   . . .        (no shield)
rNeg    . . .        M - +0 steam dragon scales
rPois   +            (helmet currently unavailable)
rElec   .            (cloak currently unavailable)
rCorr   .            (gloves currently unavailable)
SInv    .            (boots currently unavailable)
Will    +....        (no amulet)
Stlth   +++          l - +4 ring of protection
HPRegen 0.34/turn    L - +4 ring of slaying
MPRegen 0.16/turn

%: no passive effects
@: beast-form, marked, fugue
A: beast (slay +4), high MP 1, forlorn, divine attributes, hooves 1, poison
resistance
a: Begin Untransformation


You were on level 1 of the Lair of Beasts.
You were a hulking beast.
You visited 2 branches of the dungeon, and saw 12 of its levels.

You collected 688 gold pieces.

Inventory:

Hand Weapons
 u - the +1 long sword of Magnificence {heavy, rC+ Str+4}
   (You found it on level 5 of the Dungeon)

   Str+4:     It affects your strength (+4).
   rC+:       It protects you from cold.
Missiles
 e - 22 poisoned darts
 F - 4 javelins (quivered)
Armour
 w - a +0 leather armour of willpower
 M - +0 steam dragon scales (worn)
 Q - a +2 cloak
Magical Staves
 J - the staff "Peudial Fycw" {^Drain rPois rF+ rN+++ Dex+2 Fire}
   (You found it on level 7 of the Dungeon)

   [staff of fire]

   Base accuracy: +5 Base damage: 5 Base attack delay: 1.2 This weapon's minimum
   attack delay (0.6) is reached at skill level 12.
   Dex+2:     It affects your dexterity (+2).
   rF+:       It protects you from fire.
   rPois:     It protects you from poison rN+++: It renders you almost immune to
   negative energy.
   ^Drain:    It drains your maximum health when unequipped.
   Fire:      It increases the power of your Fire spells.
   It falls into the 'Staves' category.
   It is a one-handed weapon.
Jewellery
 j - a +6 ring of strength
 l - a +4 ring of protection (left hand)
 x - a ring of see invisible
 B - the ring "Hamon" {rPois rC+}
   (You found it on level 7 of the Dungeon)

   [ring of poison resistance]

   rC+:       It protects you from cold.
   rPois:     It protects you from poison
 C - a ring of magical power
 L - a +4 ring of slaying (right hand)
 P - a +6 ring of strength
Talismans
 c - a beast talisman
 d - a flux talisman
 O - a granite talisman
Wands
 n - a wand of flame (8)
 t - a wand of mindburst (9)
 G - a wand of digging (9)
Scrolls
 a - a scroll of torment {unknown}
 f - 3 scrolls of fog
 g - 5 scrolls of vulnerability
 i - 3 scrolls of blinking {unknown}
 k - 5 scrolls of immolation {unknown}
 m - a scroll of butterflies {unknown}
 o - 6 scrolls of poison
 p - a scroll of enchant weapon {unknown}
 q - a scroll of revelation {unknown}
 s - 2 scrolls of enchant armour {unknown}
 v - a scroll of teleportation
 y - 2 scrolls of amnesia {unknown}
 A - a scroll of silence {unknown}
 D - a scroll of brand weapon {unknown}
Potions
 b - 3 potions of lignification
 h - a potion of magic
 r - a potion of attraction
 z - 3 potions of enlightenment
 E - a potion of curing
 I - a potion of berserk rage {unknown}
 K - a potion of haste
 N - 2 potions of brilliance {unknown}


   Skills:
 * Level 5.4 Fighting
 + Level 0.5 Throwing
 + Level 5.9 Dodging
 + Level 4.1 Stealth
 + Level 11.9 Unarmed Combat
 + Level 3.3 Spellcasting
 + Level 0.8 Summonings
 + Level 3.2 Necromancy
 + Level 2.0 Evocations
 * Level 7.7 Shapeshifting


You had 11 spell levels left.
You knew the following spells:

 Your Spells              Type           Power      Damage    Failure   Level
a - Necrotise             Necr           36%        1d5       6%          1
b - Summon Small Mammal   Summ           12%        N/A       17%         1
c - Fugue of the Fallen   Necr           9%         N/A       19%         3

Your spell library contained the following spells:

 Spells                   Type           Power      Damage    Failure   Level
 Apportation              Tloc           2%         N/A       24%         1
 Sting                    Conj/Alch      4%         1d3       24%         1
 Ozocubu's Armour         Ice            1%         N/A       58%         3
 Manifold Assault         Tloc           1%         N/A       94%         4
 Haunt                    Necr/Summ      3%         N/A       100%        7
 Borgnjor's Revivificati  Necr           4%         N/A       100%        8
 Death's Door             Necr           4%         N/A       100%        9


Dungeon Overview and Level Annotations

Branches:
Dungeon (10/15)            Temple (0/1) D:4            Lair (2/5) D:9
    Orc (0/2) D:9
  Swamp: Lair:2-3    Shoals: Lair:2-3     Snake: Lair:2-3    Spider: Lair:2-3

Shops:
D:4 =

Annotations:
D:4 2 transporters, Biggs's ghost, weakling OpSh; Pikel


Innate Abilities, Weirdness & Mutations

You are a hulking beast.
Your limbs bulge with bestial killing power. (Slay +4)
You have an increased reservoir of magic. (+10% MP)
You shall have no god before yourself.
Your divine heritage dramatically boosts your attributes as you level up.
You have large cloven feet.
Your system is resistant to poisons. (rPois)


Message History

You feel sick.
The water moccasin bites you but does no damage.
You closely miss the komodo dragon.
You kick the komodo dragon, but do no damage.
You feel sick. The water moccasin bites you!
An iguana comes into view.
The komodo dragon bites you!! The wyvern bites you.
You punch the komodo dragon! You kick the komodo dragon!
Your punch misses the komodo dragon.
The komodo dragon is heavily wounded.
You feel sick. The water moccasin barely misses you.
The wyvern bites you but does no damage.
The komodo dragon bites you!!
* * * LOW HITPOINT WARNING * * *
A naga comes into view. It is wielding a +0 halberd.
The water moccasin closely misses you.
You feel sick. The wyvern misses you. The water moccasin barely misses you.
The komodo dragon misses you. The wyvern bites you!
* * * LOW HITPOINT WARNING * * *
You climb upwards.
You feel sick.
There is a stone staircase leading down here.
Unknown command.
You feel much better.
You feel sick.
The water moccasin bites you but does no damage.
The wyvern closely misses you.
The komodo dragon bites you but does no damage.
You feel better. The water moccasin barely misses you.
The wyvern closely misses you. The komodo dragon bites you!
* * * LOW HITPOINT WARNING * * *
The water moccasin bites you!
* * * LOW HITPOINT WARNING * * *
The wyvern bites you.
* * * LOW HITPOINT WARNING * * *
Okay, then.
You feel better.
The water moccasin bites you but does no damage.
The wyvern bites you.
* * * LOW HITPOINT WARNING * * *
The komodo dragon bites you!
You die...

################
#..............#
#.....k.S.....## ♣♣♣♣
###....h.......#
♣♣~~~ ##....l.....###
♣~P≈≈
##...........##♣♣~≈≈≈
##...........♣♣~≈≈≈≈
##..........♣♣~≈≈≈≈
#..........♣~~≈≈≈≈
##.........♣~~~~≈≈
###........~~~~~≈
##.......~~~~~~


You could see a komodo dragon, a water moccasin and a wyvern.

Vanquished Creatures
  A two-headed ogre (D:8)
  A death yak (D:9)
  6 elephants
  2 black mambas (Lair:1)
  3 cane toads
  2 komodo dragons (Lair:1)
  3 blink frogs (Lair:1)
  Grinder (D:6)
  Sigmund (D:2)
  3 basilisks
  A wyvern (Lair:1)
  A wraith (D:9)
  5 yaks
  2 steam dragons
  3 water moccasins
  Duvessa (D:5)
  4 orc warriors
  4 ice beasts
  A sky beast (D:7)
  A black bear (D:6)
  A laughing skull (D:10)
  4 centaurs
  5 wolves (Lair:1)
  5 phantoms
  2 lemures (D:5)
  2 kobold brigands
  A scorpion (D:7)
  9 bullfrogs
  2 gnoll sergeants (D:9)
  12 wights
  10 killer bees
  Dowan (D:5)
  5 howler monkeys
  2 electric eels (Lair:1)
  3 bombardier beetles
  2 hounds (D:5)
  3 jellies
  3 orc priests
  A gnoll bouda (D:7)
  5 sleepcaps
  7 orc wizards
  3 iguanas
  6 gnolls
  4 adders
  A white imp (D:7)
  An adder zombie (D:3)
  5 ribbon worms
  3 dart slugs
  42 orcs
  10 ball pythons
  5 bats
  9 endoplasms
  2 giant cockroaches
  8 hobgoblins
  7 jackals (D:4)
  15 kobolds
  2 quokkas
  3 frilled lizards
  A giant cockroach zombie (D:3)
  10 goblins
  5 rats
273 creatures vanquished.

Notes
Turn   | Place    | Note
-------+----------+-------------------------------------------
     0 | D:1      | Minsecho the Demigod Shapeshifter began the quest for the
                  | Orb.
     0 | D:1      | Reached XP level 1. HP: 15/15 MP: 3/3
    62 | D:1      | Reached skill level 3 in Unarmed Combat
   118 | D:1      | Reached XP level 2. HP: 19/22 MP: 4/4
   278 | D:1      | Learned a level 1 spell: Summon Small Mammal
   565 | D:1      | Reached XP level 3. HP: 24/27 MP: 5/5
   803 | D:2      | Reached skill level 1 in Fighting
  1170 | D:2      | Learned a level 1 spell: Necrotise
  1281 | D:2      | Reached skill level 4 in Unarmed Combat
  1381 | D:2      | Noticed Sigmund
  1382 | D:2      | Reached XP level 4. HP: 31/35 MP: 6/6
  2210 | D:4      | Noticed an orc warrior
  2616 | D:4      | Found a staircase to the Ecumenical Temple.
  2671 | D:4      | Reached XP level 5. HP: 30/40 MP: 7/7
  2960 | D:4      | Found a transporter.
  2971 | D:4      | Noticed Biggs's ghost (weakling OpSh)
  2980 | D:4      | Found a transporter.
  3119 | D:4      | Found Bicwahaf's Jewellery Boutique.
  3235 | D:5      | Entered Level 5 of the Dungeon
  3253 | D:5      | Noticed Dowan
  3255 | D:5      | Noticed Duvessa
  3292 | D:4      | Reached skill level 1 in Stealth
  3566 | D:2      | Killed Sigmund
  3567 | D:2      | Reached skill level 5 in Unarmed Combat
  3567 | D:2      | Reached XP level 6. HP: 31/47 MP: 5/8
  3904 | D:5      | Killed Dowan
  3984 | D:5      | Reached XP level 7. HP: 44/52 MP: 10/10
  3995 | D:5      | Reached skill level 6 in Unarmed Combat
  4084 | D:5      | Identified the +1 long sword of Magnificence {heavy, rC+
                  | Str+4}
  4101 | D:5      | Noticed Pikel
  5259 | D:5      | Killed Duvessa
  5260 | D:5      | Reached skill level 1 in Spellcasting
  5636 | D:6      | Noticed a steam dragon
  5652 | D:6      | Killed a steam dragon
  5653 | D:6      | Reached skill level 7 in Unarmed Combat
  5653 | D:6      | Reached skill level 1 in Necromancy
  5653 | D:6      | Reached XP level 8. HP: 32/60 MP: 13/13
  5822 | D:6      | Noticed Grinder
  6101 | D:6      | Killed Grinder
  6102 | D:6      | Reached skill level 5 in Shapeshifting
  6391 | D:6      | Reached skill level 8 in Unarmed Combat
  6395 | D:6      | Reached skill level 1 in Evocations
  7302 | D:7      | Reached XP level 9. HP: 66/67 MP: 15/15
  8107 | D:7      | Learned a level 3 spell: Fugue of the Fallen
  8399 | D:7      | Reached skill level 9 in Unarmed Combat
  8460 | D:7      | Identified the ring "Hamon" {rPois rC+}
  8884 | D:7      | Gained mutation: You are dopey. (Int -2) [potion of
                  | mutation]
  8884 | D:7      | Gained mutation: Your health recovers twice as slowly from
                  | being drained. [potion of mutation]
  8885 | D:7      | Lost mutation: Your health recovers twice as slowly from
                  | being drained. [potion of mutation]
  8885 | D:7      | Lost mutation: You are dopey. (Int -2) [potion of mutation]
  8885 | D:7      | Gained mutation: Your system is resistant to poisons.
                  | (rPois) [potion of mutation]
  8885 | D:7      | Gained mutation: You have large cloven feet. [potion of
                  | mutation]
  9228 | D:7      | Identified the staff "Peudial Fycw" {^Drain rPois rF+ rN+++
                  | Dex+2 Fire}
  9860 | D:8      | Noticed a two-headed ogre
  9871 | D:8      | Killed a two-headed ogre
 10757 | D:8      | Reached XP level 10. HP: 46/77 MP: 13/16
 10891 | D:9      | Reached skill level 10 in Unarmed Combat
 10942 | D:9      | Noticed an elephant
 11375 | D:9      | Killed an elephant
 11376 | D:9      | Reached skill level 5 in Dodging
 11381 | D:9      | Noticed a death yak
 11399 | D:9      | Found a staircase to the Lair.
 11524 | Lair:1   | Entered Level 1 of the Lair of Beasts
 11792 | D:9      | Identified the +0 robe of the Wilderness {rN+}
 11861 | D:9      | Found a staircase to the Orcish Mines.
 12259 | D:9      | Killed a death yak
 12449 | D:10     | Entered Level 10 of the Dungeon
 12776 | Lair:1   | Reached skill level 11 in Unarmed Combat
 13066 | Lair:1   | Noticed a black mamba
 13086 | Lair:1   | Killed a black mamba
 13087 | Lair:1   | Reached XP level 11. HP: 60/85 MP: 19/19
 13829 | Lair:1   | Reached skill level 5 in Fighting
 14909 | Lair:2   | Noticed a swamp dragon
 14916 | Lair:1   | HP: 4/88 [poisoned by a water moccasin]
 14919 | Lair:1   | Slain by a komodo dragon

Illustrated notes

Levels and vault maps discovered:
D:1:      dpeg_arrival_three_same_balls, layout_rooms, basic_ecumenical_altar,
          feat_on_display
D:2:      layout_loops_corners, basic_altar, uniq_sigmund
D:3:      layout_basic, lemuel_zombie_altar_yredelemnul
D:4:      layout_loops_ring, minmay_temple_entry_glass, serial_shops,
          nicolae_shop_behind_doors, gammafunk_ghost_stat_death, st_stairs_8,
          eino_small_chamber_without_monster
D:5:      layout_gridville, cheibrodos_sewer_entry_bend, uniq_duvessa,
          uniq_pikel
D:6:      layout_layer_cave, minmay_holes, uniq_grinder
D:7:      layout_basic, mainiacjoe_overflow_big_doors, hangedman_decor_riveting,
          minmay_increasing_density
D:8:      layout_layer_cave
D:9:      layout_big_octagon, elyvilon_altar_3, david_lair_generic,
          wad_floor_pattern_2, dk_noncrumbling_2
D:10:     layout_rooms, kennysheep_slug_shrine,
          mainiacjoe_overflow_six_doors_small
Lair:1:   layout_hall_layers, serial_bayou_shore_a, lemuel_fruit_fields,
          infiniplex_staircase_pool
Lair:2:   layout_chaotic_city, minmay_swamp_entry_reptiles,
          nicolae_snake_entry_squirm

Skill      XL: |  1  2  3  4  5  6  7  8  9 10 11 |
---------------+----------------------------------+-----
Unarmed Combat | 3 4 5 7 8 9 11 | 11.9
Shapeshifting  | 3 4 5 6 7 |  7.7
Fighting       | 1 2 3 4 5 |  5.4
Dodging        | 2 3 4 5 |  5.9
Stealth        | 1 2 3 4 |  4.1
Spellcasting   | 1 2 3 |  3.3
Necromancy     | 1 2 3 |  3.2
Evocations     | 1 2 |  2.0
Throwing       | |  0.5
Summonings     | |  0.8

Action                     |  1- 3 |  4- 6 |  7- 9 | 10-12 || total
---------------------------+-------+-------+-------+-------++-------
  Melee: Unarmed           |   115 |   206 |   368 |   231 ||   920
         Punch             |     4 |     4 |    14 |    17 ||    39
         Kick              |       |       |    20 |    88 ||   108
  Throw: Javelin           |       |     4 |     3 |       ||     7
         Dart              |       |     2 |       |       ||     2
   Cast: Summon Small Mamm |     1 |     1 |     4 |     1 ||     7
         Necrotise         |       |     1 |     7 |    18 ||    26
         Fugue of the Fall |       |       |     1 |     5 ||     6
  Evoke: Wand              |       |       |    10 |     8 ||    18
    Use: Scroll            |     3 |     5 |     6 |     2 ||    16
         Potion            |       |     4 |     4 |     5 ||    13
   Stab: Sleeping          |     1 |     4 |     3 |     3 ||    11
         Distracted        |       |       |     1 |       ||     1
 Armour: Animal skin       |    39 |    14 |       |       ||    53
         Leather armour    |       |   115 |   200 |       ||   315
         Steam dragon scal |       |       |    20 |   193 ||   213
  Dodge: Dodged            |    49 |    97 |   231 |   200 ||   577
